 Dungeon Crawl Stone Soup version 0.29.1 (webtiles) character file.

Game seed: 7942927459493134859

61 ILmort the Trooper (level 3, -3/29 HPs)
             Began as a Demonspawn Fighter on Sept 14, 2022.
             Slain by Robin
             ... wielding a +4 spear of pain
              (7 damage)
             ... on level 2 of the Dungeon.
             The game lasted 00:04:08 (2463 turns).

ILmort the Trooper (Demonspawn Fighter)             Turns: 2463, Time: 00:04:09

Health: -3/29      AC:  8    Str: 16    XL:     3   Next: 83%
Magic:  3/3        EV:  8    Int:  9    God:
Gold:   60         SH:  4    Dex: 14    Spells: 2/2 levels left

rFire   . . .      SeeInvis .   a - +0 rapier
rCold   . . .      Faith    .   c - +0 buckler
rNeg    . . .      Spirit   .   b - +0 scale mail
rPois   .          Reflect  .   (helmet restricted)
rElec   .          Harm     .   (no cloak)
rCorr   .          Rampage  .   (no gloves)
Will    .....                   (no boots)
Stlth   ..........              (no amulet)
HPRegen 0.09/turn               (no ring)
MPRegen 0.08/turn               (no ring)

@: no status effects
A: horns 1, yellow scales 1
a: no special abilities


You were on level 2 of the Dungeon.
You visited 1 branch of the dungeon, and saw 3 of its levels.

You collected 60 gold pieces.

Inventory:

Hand Weapons
 a - a +0 rapier (weapon)
Armour
 b - a +0 scale mail (worn)
 c - a +0 buckler (worn)
Jewellery
 k - a ring of fire
Scrolls
 e - a scroll of identify {unknown}
 f - a scroll of fog {unknown}
 i - a scroll of silence {unknown}
 j - a scroll of immolation {unknown}
 n - a scroll of fear {unknown}
 o - a scroll of magic mapping {unknown}
Potions
 d - a potion of might
 g - 3 potions of heal wounds {unknown}
 h - 3 potions of attraction {unknown}
 l - a potion of curing {unknown}
 m - a potion of haste {unknown}


   Skills:
 + Level 3.6 Fighting
 * Level 3.3 Short Blades
 - Level 2.6 Armour
 - Level 2.6 Shields


You had 2 spell levels left.
You didn't know any spells.
Your spell library was empty.

Dungeon Overview and Level Annotations

Branches:
Dungeon (3/15)

Altars:

Annotations:
D:2 Robin, Sigmund


Innate Abilities, Weirdness & Mutations

You have a pair of small horns on your head.
You are partially covered in yellow scales. (AC +2)


Message History

The hobgoblin hits you but does no damage.
You block the hobgoblin's attack. Robin barely misses you.
Robin barely misses you.
Items here: ))) [ †.
You hit Robin. Robin barely misses you. The hobgoblin hits you.
Robin attacks as you move away! Robin hits you with a +4 spear of pain.
The hobgoblin attacks as you move away!
The hobgoblin hits you but does no damage.
Robin hits you from afar with a +4 spear of pain.
You writhe in agony.
You hit the hobgoblin. You headbutt the hobgoblin.
You kill the hobgoblin!
Robin hits you from afar with a +4 spear of pain.
You hit the hobgoblin. You headbutt the hobgoblin.
Robin hits you but does no damage.
The hobgoblin hits you but does no damage.
You closely miss the hobgoblin.
Robin hits you from afar with a +4 spear of pain.
You writhe in agony.
The hobgoblin barely misses you. Robin completely misses you.
The hobgoblin hits you but does no damage.
You hit the hobgoblin.
You kill the hobgoblin!
Robin hits you from afar with a +4 spear of pain.
Robin hits you but does no damage.
Items here: ))) [ †††.
You closely miss Robin. Your headbutt misses Robin. You block Robin's attack.
You hit Robin. Robin hits you but does no damage.
You barely miss Robin. Robin hits you but does no damage.
You writhe in agony.
You hit Robin but do no damage. You headbutt Robin, but do no damage.
You block Robin's attack.
You closely miss Robin. You headbutt Robin, but do no damage.
Robin closely misses you.
You hit Robin but do no damage. You headbutt Robin.
Robin hits you with a +4 spear of pain!
* * * LOW HITPOINT WARNING * * *
You writhe in agony.
* * * LOW HITPOINT WARNING * * *
You hit Robin but do no damage. Robin hits you with a +4 spear of pain!
You die...

####......# ...
.....###### #.# ######
##.# # #..# ########
#.#.## #......#
#.#.###.# ####.####.##
#..)....#
.....###.#.######.#####
#######.###.....@g#
##.#.######## ##.## ###


You could see Robin.

Vanquished Creatures
  A worm (D:2)
  A dart slug (D:1)
  3 ball pythons (D:1)
  5 endoplasms
  2 giant cockroaches
  11 goblins
  12 hobgoblins
  3 jackals (D:1)
  3 bats
  A frilled lizard (D:2)
  3 kobolds
  A rat (D:1)
46 creatures vanquished.

Notes
Turn   | Place    | Note
-------+----------+-------------------------------------------
     0 | D:1      | ILmort the Demonspawn Fighter began the quest for the Orb.
     0 | D:1      | Reached XP level 1. HP: 18/18 MP: 1/1
   229 | D:1      | You fall into a shaft and drop 1 floor!
   276 | D:1      | Gained mutation: You have a pair of small horns on your
                  | head. [demonic ancestry]
   276 | D:1      | Reached XP level 2. HP: 15/24 MP: 2/2
  1166 | D:1      | Found a faded altar of an unknown god.
  1178 | D:1      | Gained mutation: You are partially covered in yellow
                  | scales. (AC +2) [demonic ancestry]
  1178 | D:1      | Reached XP level 3. HP: 14/29 MP: 3/3
  1681 | D:2      | Noticed Sigmund
  2430 | D:2      | Noticed Robin
  2463 | D:2      | Slain by Robin

Illustrated notes

Levels and vault maps discovered:
D:1:      dpeg_arrival_central, layout_basic, basic_ecumenical_altar
D:2:      layout_loops_cross, uniq_robin, uniq_sigmund
D:3:      layout_rooms, serial_bayou_lagoon_a

Skill      XL: |  1  2  3 |
---------------+----------+-----
Short Blades   | 2 3 |  3.3
Fighting       | |  3.6
Armour         | |  2.6
Shields        | |  2.6

Action                   || total
-------------------------++-------
Melee: Rapier            ||   147
       Headbutt          ||    24
Armor: Scale mail        ||    65
Dodge: Dodged            ||    40
Block: Buckler           ||    28
